AoeStats
← TPE-床上小旋風

Nomad

505619998Analyzed
3v3 RM · 22d ago on Sep 10, 2026· 57m 31s· 6 players
Game mode
Random Map
Map size
210×210
Population
200
Speed
Normal
Resources
Standard
Victory
Conquest
Starting age
Dark Age
Ending age
Imperial Age
RankedLock teamsTeams togetherTeam positionsShared explorationLock speedFull tech treeHidden civsTurbo modeCheats
Victory
Defeat
🇪🇸 Goths · Spain
1382
+17
🇩🇪 Burgundians · Germany
1349
+18
🇩🇪 Dravidians · Germany
1309
+20
🇭🇰 Franks · Hong Kong SAR China
1437
-19
🇭🇰 Mongols · Hong Kong SAR China
1428
-20
🇷🇺 Huns · Russia
1333
-16
Corpse Highlighter
4:42 Loom
15:44 Feudal Age
19:29 Castle Age
18:11 Double-Bit Axe
18:27 Horse Collar
19:25 Town Watch
20:35 Bow Saw
21:51 Medium Warships
22:06 Fishing Lines
24:29 Wheelbarrow
25:36 Fletching
26:11 Squires
25:32 Pikeman
29:34 Bodkin Arrow
37:15 Ballistics
37:38 Scale Mail Armor
41:47 Chain Mail Armor
42:15 Gold Mining
42:38 Forging
45:34 Imperial Age
44:14 Anarchy
45:27 Iron Casting
46:20 Masonry
46:36 Hand Cart
45:52 Halberdier
47:12 Conscription
46:41 Capped Ram
51:48 Chemistry
52:19 Elite Huskarl
55:58 Architecture
57:53 Blast Furnace
Sir Deep purple 2
7:45 Fishing Lines
9:21 Double-Bit Axe
9:50 Loom
10:14 Loom
16:54 Feudal Age
18:13 Gillnets
19:48 Bow Saw
21:40 Castle Age
20:17 Gold Mining
22:54 Medium Warships
24:48 Wheelbarrow
25:14 Horse Collar
27:02 Scale Barding Armor
27:08 Forging
27:04 Cavalier
29:26 Husbandry
32:01 Chain Barding Armor
32:17 Iron Casting
33:11 Gold Shaft Mining
34:55 Hand Cart
34:26 Town Watch
39:17 Imperial Age
37:38 Heavy Plow
38:16 Town Patrol
37:43 Light Cavalry
40:14 Two-Man Saw
39:48 Crop Rotation
41:39 Plate Barding Armor
42:46 Blast Furnace
44:32 Paladin
45:53 Fletching
49:09 Conscription
49:30 Burgundian Vineyards
53:36 Bodkin Arrow
56:38 Bracer
Bendix
4:03 Loom
15:12 Feudal Age
20:54 Castle Age
19:08 Fishing Lines
20:01 Town Watch
20:08 Double-Bit Axe
22:07 Medium Warships
24:40 Wheelbarrow
24:20 Bow Saw
24:54 Gillnets
31:11 Imperial Age
29:18 Fletching
29:52 Ballistics
29:56 Padded Archer Armor
30:15 Bodkin Arrow
30:18 Gold Mining
32:54 Chemistry
32:02 Thumb Ring
32:12 Bracer
33:52 Hand Cart
33:56 Leather Archer Armor
36:09 Thumb Ring
37:42 Horse Collar
39:55 Elite Elephant Archer
43:58 Elite Skirmisher
45:36 Elite Cannon Galleon
46:06 Pikeman
47:34 Squires
48:07 Ring Archer Armor
47:38 Scale Mail Armor
47:49 Forging
48:15 Halberdier
51:31 Conscription
51:20 Medical Corps
51:36 Wootz Steel
52:00 Chain Mail Armor
52:20 Iron Casting
54:17 Plate Mail Armor
54:47 Blast Furnace
54:10 Arson
lok914
5:03 Loom
19:11 Feudal Age
26:04 Castle Age
24:00 Double-Bit Axe
28:08 Forging
28:04 Scale Barding Armor
40:50 Fortified Wall
42:01 Fortified Wall
46:08 Elite Skirmisher
47:21 Padded Archer Armor
47:37 Fletching
TPE-床上小旋風
4:50 Loom
13:57 Feudal Age
17:35 Castle Age
18:44 Double-Bit Axe
20:06 Horse Collar
22:49 Fletching
23:20 Bloodlines
34:18 Bow Saw
37:20 Wheelbarrow
36:56 Heavy Plow
41:51 Imperial Age
39:58 Gold Mining
40:00 Stone Mining
40:11 Stone Mining
41:17 Thumb Ring
41:16 Husbandry
41:14 Bodkin Arrow
41:19 Padded Archer Armor
41:30 Forging
41:25 Scale Barding Armor
43:17 Gold Shaft Mining
43:12 Marauders
42:35 Elite Tarkan
44:33 Chain Barding Armor
44:49 Iron Casting
44:50 Hand Cart
45:54 Plate Barding Armor
46:44 Ballistics
50:02 Parthian Tactics
49:40 Heavy Cavalry Archer
51:40 Two-Man Saw
55:11 Bracer
56:12 Blast Furnace
56:19 Light Cavalry
大庆Song
3:11 Loom
14:08 Feudal Age
17:56 Castle Age
15:48 Stone Mining
15:45 Double-Bit Axe
16:09 Horse Collar
16:22 Gold Mining
17:07 Forging
16:47 Fletching
17:05 Padded Archer Armor
19:22 Medium Warships
19:59 Bow Saw
25:42 Wheelbarrow
27:55 Gold Shaft Mining
27:38 Bodkin Arrow
31:14 Hand Cart
30:45 Town Watch
36:39 Imperial Age
36:29 Ballistics
36:21 Masonry
37:44 Bracer
38:00 Bloodlines
39:34 Conscription
39:31 Leather Archer Armor
39:19 Husbandry
41:12 Thumb Ring
42:45 Elite Mangudai
43:50 Heavy Plow
43:13 Capped Ram
46:30 Parthian Tactics
49:26 Light Cavalry
54:08 Hussar
58:02 Chemistry
57:08 Murder Holes
Connection lost

Rejoining the realm…

Still unreachable

The connection could not be restored.

Session expired

The server has moved on; the page needs a fresh start.